Map: 2000 Atmospheres LE

Players

AGOElazer (Elazer)

  • Race: Zerg Zerg
  • League: Master

Reynor - Winner!

  • Race: Zerg Zerg
  • League: Master

Event: DreamHack SC2 Masters Last Chance 2022

VOD

Have the link to the VOD?

Description

Time

  • Played on: Dec. 17, 2021, 3:07 p.m.
  • Length: 8:30

All games in this series

Show
View Real Time Build Order
Export as new Build Order

AGOElazer Zerg 

Build Orders: Hatch First, Zergling Baneling 

Get SALT Encoding   

  12  0:00  Drone  
  13  0:12  Overlord  
  13  0:16  Drone  
  14  0:31  Drone x2  
  16  0:47  Hatchery  
  15  0:50  Drone  
  15  0:54  Drone  
  17  0:57  Drone  
  18  1:08  Extractor  
  17  1:13  Spawning Pool  
  17  1:15  Drone  
  17  1:19  Drone  
  18  1:28  Drone  
  19  1:38  Drone  
  20  1:48  Drone  
  21  1:59  Queen x2  
  21  2:00  Drone  
  26  2:01  Overlord  
  26  2:10  Drone x2  
  26  2:12  Metabolic Boost  
  28  2:20  Drone  
  28  2:21  Drone  
  30  2:31  Drone x2  
  30  2:35  Queen  
  34  2:42  Overlord  
  34  2:43  Drone  
  35  2:48  Evolution Chamber  
  34  2:53  Drone x2  
  36  3:05  Drone x2, Roach Warren  
  37  3:06  Drone x2  
  37  3:09  Zergling x4  
  37  3:10  Overlord  
  41  3:20  Zergling x6  
  44  3:32  Zergling x4  
  46  3:41  Baneling Nest  
  45  3:43  Zergling x10  
  45  3:45  Evolution Chamber  
  49  3:51  Overlord  
  49  3:53  Zergling x2  
  49  3:54  Zergling x2  
  49  3:55  Zergling x2  
  52  3:57  Overlord  
  53  4:10  Overlord  
  53  4:18  Zergling x12  
  59  4:25  Baneling  
  59  4:26  Baneling x11  
  59  4:27  Hatchery  
  59  4:29  Zergling x8  
  62  4:35  Zergling x4  
  59  4:47  Zergling x4  
  60  4:54  Zergling x12  
  63  5:00  Zergling x2  
  63  5:03  Queen  
  63  5:06  Zergling x2  
  63  5:09  Baneling x4  
  63  5:11  Zergling x2  
  64  5:18  Overlord  
  64  5:21  Drone x5  
  67  5:23  Drone  
  67  5:26  Drone  
  69  5:39  Overlord  
  69  5:41  Extractor  
  69  5:42  Drone x2, Extractor  
  68  5:47  Roach  
  70  5:53  Roach x4  
  78  6:01  Overlord  
  78  6:06  Drone x5  
  78  6:08  Spore Crawler  
  78  6:11  Overlord  
  82  6:13  Drone x2  
  82  6:17  Drone  
  82  6:18  Drone  
  85  6:22  Overlord  
  85  6:25  Zergling x12  
  92  6:30  Overlord  
  92  6:37  Overlord  
  92  6:38  Roach  
  94  6:43  Roach x5  
  104  6:51  Zergling x8  
  104  6:53  Ravager x2  
  110  6:55  Zergling x10  
  110  6:57  Ravager  
  116  7:02  Zergling x2  
  116  7:07  Ravager  
  116  7:08  Zergling x4  
  120  7:11  Zergling x6  
  123  7:20  Zergling x12  
  122  7:26  Zergling x6  
  122  7:27  Zergling x4  
  121  7:33  Zergling x2  
  106  7:46  Zergling x12  
  106  7:50  Ravager x4  
  116  7:51  Zergling x2  
  117  7:59  Ravager  
  117  8:00  Zergling x6  
  121  8:10  Zergling x6  
Show
View Real Time Build Order
Export as new Build Order

Reynor Zerg - Winner!

Build Orders: Hatch First 

Get SALT Encoding   

  12  0:00  Drone  
  13  0:11  Overlord  
  13  0:16  Drone  
  14  0:30  Drone x2  
  16  0:48  Hatchery  
  15  0:50  Drone  
  15  0:54  Drone  
  17  0:57  Drone  
  18  1:08  Extractor  
  17  1:14  Spawning Pool  
  17  1:15  Drone  
  17  1:20  Drone  
  18  1:27  Drone  
  19  1:38  Drone  
  20  1:50  Drone  
  21  1:59  Overlord  
  21  2:00  Queen x2  
  25  2:01  Zergling x2  
  26  2:09  Metabolic Boost  
  26  2:10  Drone  
  26  2:11  Drone  
  28  2:20  Drone  
  28  2:21  Drone  
  30  2:33  Hatchery  
  30  2:35  Drone  
  30  2:38  Drone  
  30  2:42  Drone  
  30  2:43  Drone  
  33  2:51  Evolution Chamber  
  32  2:53  Overlord  
  32  2:55  Drone  
  33  3:04  Drone  
  33  3:05  Drone  
  35  3:11  Drone, Queen  
  35  3:12  Drone  
  39  3:16  Overlord  
  39  3:23  Drone x2, Zerg Ground Armor Level 1  
  41  3:31  Zergling x6  
  41  3:33  Overlord  
  44  3:35  Zergling x2  
  45  3:41  Drone x4  
  45  3:45  Overlord  
  49  3:50  Drone x3  
  52  3:56  Roach Warren  
  52  3:57  Drone x2  
  52  4:00  Drone, Extractor  
  52  4:01  Extractor  
  52  4:03  Drone  
  52  4:06  Zergling x2  
  52  4:07  Zergling x2  
  52  4:09  Zergling x2  
  56  4:11  Drone x2  
  56  4:13  Zergling x2  
  59  4:17  Zergling x2  
  59  4:19  Zergling x8  
  59  4:23  Evolution Chamber  
  62  4:25  Zergling x2  
  62  4:26  Zergling x2  
  62  4:27  Zergling x2  
  62  4:28  Zergling x2  
  66  4:33  Zergling x4  
  66  4:39  Roach  
  66  4:42  Evolution Chamber  
  66  4:43  Evolution Chamber, Roach  
  66  4:44  Evolution Chamber  
  67  4:49  Roach x3  
  73  4:53  Roach  
  73  4:54  Overlord  
  73  4:56  Roach  
  70  5:00  Roach  
  70  5:10  Roach  
  70  5:11  Drone  
  70  5:12  Overlord  
  73  5:20  Roach x3  
  80  5:22  Overlord  
  80  5:34  Lair  
  80  5:35  Drone x2  
  76  5:42  Drone, Roach x2  
  80  5:47  Queen, Extractor  
  81  5:50  Zerg Missile Weapons Level 1  
  81  5:53  Drone x2  
  83  6:06  Roach x2  
  83  6:07  Overlord  
  83  6:10  Roach x2  
  90  6:15  Roach  
  90  6:21  Overlord  
  90  6:26  Roach  
  90  6:32  Queen  
  92  6:34  Spire  
  92  6:35  Roach  
  92  6:36  Hatchery  
  92  6:37  Overlord  
  92  6:38  Roach x2  
  98  6:44  Glial Reconstitution  
  98  6:49  Overseer  
  98  6:51  Zergling x2  
  98  6:52  Roach  
  101  6:54  Overlord  
  101  6:55  Roach  
  101  6:57  Roach  
  105  7:02  Roach  
  105  7:04  Roach x2  
  105  7:06  Roach  
  105  7:07  Overlord  
  113  7:16  Roach  
  113  7:18  Queen  
  113  7:19  Roach  
  119  7:26  Ravager  
  116  7:32  Roach x2  
  116  7:36  Roach x3  
  118  7:42  Hatchery  
  115  7:46  Mutalisk x2  
  118  7:52  Zergling x6, Roach  
  118  7:55  Zergling x2  
  124  8:02  Overlord x2  

Tags
 
Add a new tag
Caveats
  • Supply blocks, unpowered buildings, or Contaminate may cause inaccurate times.
  • Supply counts are checked every 10 seconds.